AoeStats
← hemsch01

Arabia

505006796Analyzed
3v3 RM · 24d ago on Sep 7, 2026· 56m 11s· 6 players
Game mode
Random Map
Map size
Normal (6 player)
Population
200
Speed
Normal
Resources
Standard
Victory
Conquest
Starting age
Dark Age
Ending age
Imperial Age
RankedLock teamsTeams togetherTeam positionsShared explorationLock speedFull tech treeHidden civsTurbo modeCheats
Victory
Defeat
🇪🇸 Malay · Spain
1009
+14
🇫🇷 Franks · France
973
+15
🇨🇳 Huns · China
898
+19
🇺🇸 Japanese · United States
952
-46
🇺🇸 Burgundians · United States
952
-46
🇺🇸 Franks · United States
952
-46
hemsch01
5:58 Double-Bit Axe
9:55 Loom
12:36 Feudal Age
11:48 Double-Bit Axe
11:55 Horse Collar
13:38 Heavy Plow
13:50 Bow Saw
14:34 Wheelbarrow
20:17 Castle Age
19:50 Forging
19:36 Gold Mining
22:24 Scale Barding Armor
22:25 Husbandry
24:21 Iron Casting
24:28 Cavalier
26:12 Chain Barding Armor
30:37 Gold Shaft Mining
33:33 Hand Cart
35:56 Imperial Age
36:34 Two-Man Saw
36:06 Crop Rotation
35:29 Stone Mining
35:51 Fletching
37:15 Paladin
38:15 Town Watch
43:17 Blast Furnace
42:53 Plate Barding Armor
42:56 Town Patrol
44:13 Light Cavalry
45:44 Caravan
48:30 Hussar
hemsse01
11:04 Feudal Age
13:06 Wheelbarrow
18:31 Castle Age
17:46 Double-Bit Axe
19:39 Pikeman
20:50 Scale Mail Armor
26:49 Chain Mail Armor
36:17 Stone Mining
36:18 Gold Mining
41:24 Murder Holes
41:49 Ballistics
48:53 Imperial Age
50:48 Capped Ram
54:28 Cavalier
55:26 Forging
55:46 Plate Mail Armor
55:24 Scale Barding Armor
Nasakev
10:36 Feudal Age
10:02 Loom
13:16 Fletching
13:27 Padded Archer Armor
14:53 Scale Mail Armor
16:12 Double-Bit Axe
20:22 Wheelbarrow
22:42 Castle Age
20:35 Horse Collar
21:58 Forging
22:54 Pikeman
23:39 Squires
23:06 Crossbowman
23:54 Thumb Ring
26:30 Chain Mail Armor
26:51 Iron Casting
30:12 Leather Archer Armor
29:53 Bodkin Arrow
31:15 Bow Saw
34:26 Wheelbarrow
36:16 Wheelbarrow
37:37 Ballistics
40:54 Imperial Age
42:21 Ring Archer Armor
41:23 Capped Ram
42:19 Halberdier
44:35 Arson
46:13 Arbalester
49:13 Chemistry
47:59 Arrowslits
48:26 Masonry
49:54 Two-Man Saw
48:59 Heavy Plow
49:24 Caravan
53:59 Guard Tower
rey troll
10:27 Loom
13:34 Feudal Age
13:36 Double-Bit Axe
13:40 Horse Collar
18:39 Wheelbarrow
19:18 Gold Mining
23:51 Castle Age
25:28 Husbandry
29:08 Man-at-Arms
29:34 Arson
29:50 Squires
30:58 Hand Cart
30:22 Long Swordsman
32:52 Bow Saw
33:23 Heavy Plow
35:51 Forging
40:35 Imperial Age
38:50 Iron Casting
39:27 Capped Ram
40:54 Two-Handed Swordsman
41:56 Scale Barding Armor
42:36 Gold Shaft Mining
45:15 Blast Furnace
46:06 Onager
47:13 Conscription
49:03 Elite Battle Elephant
53:51 Forced Levy
Onestepbeyond
10:34 Feudal Age
12:37 Double-Bit Axe
12:47 Loom
21:50 Castle Age
21:55 Scale Barding Armor
21:54 Light Cavalry
22:29 Town Watch
23:29 Gold Mining
24:00 Bow Saw
25:08 Husbandry
26:46 Stone Mining
29:16 Chain Barding Armor
32:31 Wheelbarrow
35:31 Imperial Age
33:22 Pikeman
40:20 Murder Holes
41:36 Conscription
46:54 Hand Cart
53:04 Ballistics
31545054
1:47 Loom
12:27 Feudal Age
19:31 Castle Age
18:01 Bloodlines
18:55 Forging
18:53 Scale Barding Armor
20:21 Husbandry
21:58 Iron Casting
22:28 Chain Barding Armor
26:47 Pikeman
27:28 Squires
35:08 Imperial Age
34:12 Wheelbarrow
36:24 Conscription
35:29 Cavalier
36:48 Plate Barding Armor
37:14 Blast Furnace
36:34 Horse Collar
40:15 Paladin
45:13 Scale Mail Armor
45:14 Padded Archer Armor
45:05 Fletching
47:02 Hand Cart
47:14 Halberdier
50:31 Gold Mining
Connection lost

Rejoining the realm…

Still unreachable

The connection could not be restored.

Session expired

The server has moved on; the page needs a fresh start.